 Dungeon Crawl Stone Soup version 0.30-a0-305-g026cb31310 (webtiles) character file.

Game seed: 13525925882050074676

123078 Sobieck the Brawler (level 16, -17/151 HPs)
             Began as a Ghoul Fighter on Oct 23, 2022.
             Was a High Priest of Okawaru.
             Demolished by a radroach (33 damage)
             ... on level 1 of the Spider Nest.
             The game lasted 01:17:42 (28197 turns).

Sobieck the Brawler (Ghoul Fighter)                Turns: 28197, Time: 01:17:42

Health: -17/151    AC: 23    Str: 32    XL:     16   Next: 89%
Magic:  17/23      EV: 13    Int:  9    God:    Okawaru [*****.]
Gold:   2885       SH: 20    Dex: 15    Spells: 15/15 levels left

rFire   . . .      SeeInvis +      - Unarmed
rCold   + . .      Faith    .    w - +1 kite shield
rNeg    + + +      Spirit   .    d - +3 ring mail of Compression {rCorr}
rPois   ∞          Reflect  +    h - +2 helmet {SInv}
rElec   +          Harm     .    (no cloak)
rCorr   +          Rampage  +    H - +2 pair of gloves {Stlth+}
Will    +....                    Z - +2 pair of boots {rampage}
Stlth   ++++......               f - amulet of Hofaop {Reflect +Blink rElec Int+4 Dex+3 SH+5}
HPRegen 0.00/turn                C - ring of the Lily {rN+ Str+6 Dex+4 Stlth-}
MPRegen 0.18/turn                e - +4 ring of slaying

@: heroic, finesse-ful, inhibited regen
A: claws 1, cold resistance 1, negative energy resistance 3, inhibited
regeneration, torment resistance 2, devour on kill
a: Renounce Religion, Evoke Blink, Heroism, Finesse, Duel


You were on level 1 of the Spider Nest.
You worshipped Okawaru.
Okawaru was extremely pleased with you.
You visited 6 branches of the dungeon, and saw 26 of its levels.
You also visited: Bailey and Gauntlet.

You collected 4561 gold pieces.
You spent 1676 gold pieces at shops.


Innate Abilities, Weirdness & Mutations

You are immune to poison.
You have sharp fingernails.
Your flesh is cold resistant. (rC+)
You are immune to negative energy. (rN+++)
You do not regenerate when monsters are visible.
You are immune to unholy pain and torment.
You thrive by killing the living.


   Skills:
 + Level 16.0(21.0) Fighting
 + Level 10.0(15.0) Throwing
 + Level 12.1(17.1) Armour
 - Level 5.0(10.0) Stealth
 - Level 12.0(17.0) Shields
 - Level 17.0(22.0) Unarmed Combat
 + Level 11.5 Invocations
 - Level 3.0 Evocations


You had 15 spell levels left.
You didn't know any spells.
Your spell library contained the following spells:

 Spells                   Type           Power      Damage    Failure   Level
 Apportation              Tloc           0%         N/A       63%         1
 Kiss of Death            Conj/Necr      0%         2d5       63%         1
 Sandblast                Erth           0%         2d4       63%         1
 Ensorcelled Hibernation  Hex/Ice        0%         N/A       77%         2
 Passwall                 Tmut/Erth      0%         N/A       77%         2
 Confusing Touch          Hex            0%         N/A       94%         3
 Dazzling Flash           Conj/Hex       0%         N/A       94%         3
 Ozocubu's Armour         Ice            0%         N/A       94%         3
 Stone Arrow              Conj/Erth      0%         3d7       94%         3
 Swiftness                Air            0%         N/A       94%         3
 Vhi's Electric Charge    Tloc/Air       0%         N/A       94%         3
 Anguish                  Hex/Necr       0%         N/A       100%        4
 Dispel Undead            Necr           0%         3d6       100%        4
 Agony                    Necr           0%         N/A       100%        5
 Alistair's Intoxication  Tmut/Pois      0%         N/A       100%        5
 Arcjolt                  Conj/Air       0%         1d10      100%        5
 Metabolic Englaciation   Hex/Ice        0%         N/A       100%        5
 Silence                  Hex/Air        0%         N/A       100%        5
 Maxwell's Capacitive Co  Air            0%         ∞         100%        8
 Spider Form              Tmut/Pois      Unusable   N/A       N/A         3
 Simulacrum               Ice/Necr       Unusable   N/A       N/A         6

Inventory:

Hand Weapons
 a - the +6 dagger "Vehegite" {vorpal, Str+8 Int-2 Stlth-, short}
   (Okawaru gifted it to you on level 1 of the Spider Nest)

   It inflicts extra damage upon your enemies.
   Str:       It affects your strength (+8).
   Int:       It affects your intelligence (-2).
   Stlth:     It makes you less stealthy.
 b - a +5 hand crossbow of draining {crossbow}
   (You acquired it on level 15 of the Dungeon)
Missiles
 p - 9 silver javelins {throwing}
 q - 17 boomerangs {throwing}
 x - 6 atropa-tipped darts {throwing}
 A - a datura-tipped dart {throwing}
 G - 65 poisoned darts (quivered) {throwing}
 I - a throwing net {=f!fthrowing}
 J - 6 javelins {throwing}
 X - 7 curare-tipped darts {=fthrowing}
Armour
 d - the +3 ring mail of Compression (worn) {rCorr}
   (You found it on level 5 of the Lair of Beasts)

   rCorr:     It protects you from acid and corrosion.
 h - a +2 helmet of see invisible (worn)
   (You found it in a Gauntlet)
 w - a +1 kite shield (worn)
   (You took it off a gnoll sergeant on level 12 of the Dungeon)
 H - a +2 pair of gloves of stealth (worn)
   (Okawaru gifted it to you on level 12 of the Dungeon)
 Z - a +2 pair of boots of rampaging (worn)
   (You bought it in a shop on level 2 of the Orcish Mines)
Jewellery
 e - a +4 ring of slaying (right hand)
   (You found it on level 3 of the Lair of Beasts)
 f - the amulet of Hofaop (around neck) {Reflect +Blink rElec Int+4 Dex+3 SH+5}
   (You bought it in a shop on level 4 of the Dungeon)

   [amulet of reflection]

   It reflects blocked missile attacks.
   Int:       It affects your intelligence (+4).
   Dex:       It affects your dexterity (+3).
   rElec:     It insulates you from electricity.
   +Blink:    It lets you blink.
   SH:        It affects your SH (+5).
 z - a +6 ring of intelligence
   (You found it on level 3 of the Dungeon)
 C - the ring of the Lily (left hand) {rN+ Str+6 Dex+4 Stlth-}
   (You found it on level 8 of the Dungeon)

   [ring of strength]

   Str:       It affects your strength (+6).
   Dex:       It affects your dexterity (+4).
   rN:        It protects you from negative energy.
   Stlth:     It makes you less stealthy.
 D - a ring of see invisible
   (You found it on level 4 of the Dungeon)
 E - a ring of willpower
   (You found it on level 5 of the Dungeon)
 O - a ring of ice
   (You found it on level 5 of the Dungeon)
 P - a ring of resist corrosion
   (You found it on level 6 of the Dungeon)
Wands
 R - a wand of roots (6)
   (You found it on level 10 of the Dungeon)
 S - a wand of mindburst (17)
   (You took it off Pikel on level 7 of the Dungeon)
 U - a wand of quicksilver (15)
   (You found it on level 8 of the Dungeon)
 Y - a wand of flame (35)
   (You found it on level 12 of the Dungeon)
Scrolls
 c - 4 scrolls of blinking {!r}
 k - 5 scrolls of fear
 l - 15 scrolls of teleportation {@r4}
 n - 4 scrolls of magic mapping {!r}
 u - 3 scrolls of torment
 y - 3 scrolls of immolation {!r!r}
 L - 2 scrolls of poison
 Q - 3 scrolls of vulnerability {!r!r}
 T - 4 scrolls of silence {!r}
 V - a scroll of enchant armour
 W - 5 scrolls of identify {@r1}
Potions
 g - 2 potions of heal wounds {@q2}
 j - 9 potions of brilliance
 m - 2 potions of might
 o - 2 potions of magic
 r - 3 potions of attraction {!q}
 s - 6 potions of haste {@q3}
 t - 2 potions of resistance
 v - a potion of cancellation
 B - a potion of flight
 M - 8 potions of curing {@q1}
 N - 2 potions of ambrosia
Miscellaneous
 i - a tin of tremorstones (2/2) {throwing}
   (You found it on level 5 of the Lair of Beasts)
 F - a phial of floods
   (You found it in a Gauntlet)
 K - a lightning rod (4/4)
   (You found it on level 1 of the Lair of Beasts)

Dungeon Overview and Level Annotations

Branches:
Dungeon (15/15) Zot: 25373  Temple (1/1) D:7 Zot: 5813    Lair (5/5) D:11 Zot: 22899
  Swamp (0/4) Lair:3       Spider (2/4) Lair:3 Zot: 10413   Slime (0/5) Lair:5
    Orc (2/2) D:10 Zot: 9318     Elf (1/3) Orc:2 Zot: 5751  Vaults (0/5) D:13
 Depths (0/4) D:15         Bailey (visited)         Gauntlet (visited)

Altars:
Ashenzari
Cheibriados
Dithmenos
Fedhas
Gozag
Hepliaklqana
Kikubaaqudgha
Makhleb
Nemelex Xobeh
Okawaru
Qazlal
Ru
Sif Muna
Trog
Uskayaw
Vehumet
Wu Jian
Xom
Yredelemnul
Jiyva

Shops:
D:4 =   D:7 ?   D:13 *   Orc:2 (((!*![:

Portals:
Trove: D:11 (give +6 fire dragon scales)

Annotations:
D:4 1 runed translucent door, pigah's ghost, amateur OpWn
D:7 1 runed translucent door, Crazy Yiuf
D:8 3 runed translucent doors, exclusion: ice statue, Darkkill's ghost, novice MiHu

#.........#..####...#.#..##......
...#..#.......# ##....#...##.....
.###.##.#.....###..##...#..#...#.
...#.####.##....#.......##.#..#..
.....#.......#.##...#....###...^#
#..###.†>.......#.^##....#..#..##
#..#[...†#..#...#.....#..#....#!.
...#...#.##.##...#.#..#.......#..
.#..####.####.B#@###.^#..##.^....
##........# #.>#B# ##...#......#.
.##.....[## #.††.# ###....#......
..###..### #.######.......#....#
....#..# ### #....#..##.#.###.
......#### #####...##.#####....#
...#..#..####.##...###..#..#....#
...##.##.#...#.##^####.####...#..
.#.#............#........####..#.


You could see a radroach (berserk).


Message History

The culicivora rages.
You block the redback's attack. The redback attacks as you move away!
You block the redback's attack.
The redback bites you but does no damage. x3
The redback attacks as you move away! You block the redback's attack.
The redback attacks as you move away! You block the redback's attack. x2
Unknown command.
You pummel the redback!! You block the redback's attack.
The redback bites you but does no damage.
You closely miss the redback. The tarantella touches you!
* * * LOW HITPOINT WARNING * * *
You block the redback's attack. The redback closely misses you.
You block the tarantella's attack.
Unknown command.
You closely miss the tarantella.
The tarantella touches you but does no damage.
The redback bites you.
* * * LOW HITPOINT WARNING * * *
Unknown command.
You pummel the tarantella!! The tarantella barely misses you.
You block the redback's attack. The redback bites you.
* * * LOW HITPOINT WARNING * * *
The tarantella touches you but does no damage.
Unknown command.
You punch the tarantella!
You kill the tarantella!
Okawaru accepts your kill.
You block the redback's attack. x2; You block the culicivora's attack.
Unknown command.
You barely miss the culicivora. The redback closely misses you.
The culicivora bites you but does no damage.
You block the redback's attack. The culicivora bites you!
* * * LOW HITPOINT WARNING * * *
Unknown command.
You pummel the culicivora!!
The culicivora bites you but does no damage.
You block the redback's attack. You block the culicivora's attack.
You block the redback's attack.
Unknown command.
You gain the combat prowess of a mighty hero.
The culicivora bites you.
* * * LOW HITPOINT WARNING * * *
You block the redback's attack. You block the culicivora's attack.
The redback bites you.
* * * LOW HITPOINT WARNING * * *
You can now deal lightning-fast blows.
You block the culicivora's attack.
The redback bites you but does no damage.
You block the culicivora's attack. You block the redback's attack.
You completely miss the culicivora. You block the culicivora's attack.
The redback bites you.
* * * LOW HITPOINT WARNING * * *
You barely miss the culicivora. You block the culicivora's attack.
You block the redback's attack.
Unknown command.
You pummel the culicivora!! You block the culicivora's attack.
You block the redback's attack.
Unknown command.
You hit the culicivora but do no damage.
The culicivora bites you!
* * * LOW HITPOINT WARNING * * *
You block the redback's attack.
Unknown command.
You miss the culicivora.
The culicivora is no longer berserk.
You block the culicivora's attack.
Unknown command.
You punch the culicivora!
You kill the culicivora!
Okawaru accepts your kill. You block the redback's attack.
Unknown command.
You hit the redback. You block the redback's attack.
You pummel the redback!!
You kill the redback!
Okawaru accepts your kill.
You feel better.
The radroach bites you but does no damage.
You block the radroach's attack.
Your base Throwing skill increases to level 10!
Unknown command.
You pummel the radroach!! You hit the radroach but do no damage.
The radroach bites you!
* * * LOW HITPOINT WARNING * * *
You block the radroach's attack.
Unknown command.
You punch the radroach! You block the redback's attack.
Unknown command.
You barely miss the radroach.
Unknown command.
You barely miss the redback.
The radroach bites you but does no damage.
The radroach claws you but does no damage.
You block the redback's attack.
Unknown command.
You pummel the redback!!
You kill the redback!
Okawaru accepts your kill. The radroach attacks as you move away!
You block the radroach's attack. x2
The radroach bites you!!
You die...

Skill      XL: |  1  2  3  4  5  6  7  8  9 10 11 12 13 14 15 16 |
---------------+-------------------------------------------------+-----
Stealth        | 1 2 3 5 |  5.0
Unarmed Combat | 3 4 7 11 14 17 | 17.0
Armour         | 3 4 5 6 7 9 10 11 12 | 12.1
Throwing       | 1 2 3 5 7 8 10 | 10.0
Fighting       | 4 6 10 11 12 14 15 16 | 16.0
Shields        | 3 4 5 7 10 11 12 | 12.0
Invocations    | 2 6 8 10 11 | 11.5
Evocations     | 1 3 |  3.0

Action                   |  1- 3 |  4- 6 |  7- 9 | 10-12 | 13-15 | 16-18 || total
-------------------------+-------+-------+-------+-------+-------+-------++-------
Melee: Unarmed           |   121 |   148 |   223 |   616 |  1037 |   385 ||  2530
 Fire: Hand crossbow     |       |       |       |       |    17 |   125 ||   142
Throw: Dart              |       |    21 |    58 |    43 |    71 |    33 ||   226
       Stone             |       |       |     1 |       |    74 |       ||    75
       Boomerang         |       |       |       |    31 |   151 |     9 ||   191
       Javelin           |       |       |       |       |     1 |       ||     1
Invok: Heroism           |       |       |       |     4 |    11 |     6 ||    21
       Finesse           |       |       |       |       |     2 |     3 ||     5
       Duel              |       |       |       |       |       |     1 ||     1
Evoke: Wand              |       |       |       |       |     3 |       ||     3
  Use: Scroll            |       |    11 |     7 |    11 |    13 |     3 ||    45
       Potion            |       |       |     1 |     2 |     6 |     5 ||    14
 Stab: Sleeping          |       |     1 |       |     2 |     6 |       ||     9
       Distracted        |       |       |       |     2 |     2 |       ||     4
       Invisible         |       |       |       |       |       |     3 ||     3
Armor: Scale mail        |    25 |       |       |       |       |       ||    25
       Acid dragon scale |    22 |    54 |    53 |   149 |   236 |       ||   514
       Ring mail         |       |       |       |       |   104 |   211 ||   315
Dodge: Dodged            |    45 |    58 |    43 |   151 |   239 |   131 ||   667
Block: Buckler           |    20 |    31 |    54 |   173 |       |       ||   278
       Reflection        |       |       |       |    17 |    35 |    16 ||    68
       Kite shield       |       |       |       |   104 |   773 |   476 ||  1353

Levels and vault maps discovered:
D:1:      eino_arrival_cavern_d, layout_loops_ring, kennysheep_minor_cross
D:2:      layout_loops_cross, shapermc_ecumenical_altar_acropolis,
          minmay_misc_feat_square
D:3:      layout_rooms
D:4:      layout_cave_pools, serial_shops, shop, hellmonk_ghost_happy_afterlife,
          kennysheep_generic_room_2
D:5:      layout_rooms, mainiacjoe_overflow_boulevard
D:6:      layout_cave_pools
D:7:      layout_basic, lemuel_crystal_altar, minmay_temple_entry_mist,
          serial_shops, shop_coins, enter_bailey_3, grunt_decor_one_mirror,
          david_defended_altar_orc, uniq_pikel, uniq_crazy_yiuf_cottage,
          uniq_prince_ribbit1
D:8:      minmay_statue_hallways, layout_loops_ring,
          mainiacjoe_overflow_catwalk, xom_butterflies,
          mainiacjoe_overflow_brackets, gammafunk_ghost_icy, uniq_amaemon,
          uniq_erica
D:9:      layout_rooms
D:10:     layout_roguey [special_room_kobold], kennysheep_mini, erik_orc_4,
          minivault_19, st_stairs_2
D:11:     layout_cave_pools, erik_lair_orcish_takeover, enter_trove_1
D:12:     layout_basic, minmay_shattered_shrine
D:13:     layout_irregular_city, lightli_vaults_fourway_checkpoint,
          serial_shops, shop
D:14:     layout_cave_pods, chequers_serial_rivers_small_b
D:15:     grunt_enter_depths_hoard, layout_irregular_city, minmay_hedge_maze
Temple:   nicolae_temple_elliptical
Lair:1:   layout_concentric_octagons, grunt_megastairs_3, lemuel_fruit_fields
Lair:2:   layout_loops_ring, grunt_forest_large_clearing_hut
Lair:3:   layout_regular_city, palyth_hydra_swamp_entry,
          nicolae_spider_entry_tight_spaces, beast_lair_carwin_8,
          infiniplex_staircase_pool_2, uniq_nessos
Lair:4:   layout_cave_pods, lemuel_centaur_altar
Lair:5:   gammafunk_lair_ancient_temple, layout_regular_city,
          minmay_slime_entry_oklob_enclosed
Spider:1: layout_spider_delve, drop_trap
Spider:2: layout_spider_delve
Orc:1:    layout_diamond_mine, ebering_ghost_disaster_area, lightli_orcish_oven
Orc:2:    st_orc_open, layout_caves, serial_shops, shop, nicolae_shop_trees,
          shop, nicolae_shop_temple_entry_statues_fountains,
          gauntlet_entry_generic, lemuel_statue_altar
Elf:1:    nicolae_elf_arrival_fired_up, layout_geoelf_octagon,
          ebering_ghost_reflecting_pool, minmay_elf_sorcery

Notes
Turn   | Place    | Note
-------+----------+-------------------------------------------
     0 | D:1      | Sobieck the Ghoul Fighter began the quest for the Orb.
     0 | D:1      | Reached XP level 1. HP: 19/19 MP: 0/0
   155 | D:1      | You pick up a book of Party Tricks and begin reading...
   155 | D:1      | You add the spells Apportation and Alistair's Intoxication
                  | to your library.
   171 | D:1      | Reached XP level 2. HP: 26/26 MP: 1/1
   187 | D:1      | You add the spells Vhi's Electric Charge, Arcjolt and
                  | Maxwell's Capacitive Coupling to your library.
   900 | D:2      | Reached skill level 1 in Stealth
   900 | D:2      | Reached XP level 3. HP: 31/31 MP: 2/2
   917 | D:2      | Found a faded altar of an unknown god.
   937 | D:2      | You pick up a book of Burglary and begin reading...
   937 | D:2      | You add the spells Passwall, Ensorcelled Hibernation and
                  | Swiftness to your library.
   982 | D:2      | Reached skill level 3 in Unarmed Combat
  1568 | D:3      | Reached skill level 3 in Armour
  1590 | D:3      | Reached XP level 4. HP: 13/40 MP: 3/3
  1919 | D:2      | Reached skill level 1 in Throwing
  1965 | D:3      | Reached skill level 2 in Stealth
  1965 | D:3      | Reached XP level 5. HP: 19/46 MP: 4/4
  2115 | D:3      | Reached skill level 4 in Fighting
  2115 | D:3      | Reached skill level 4 in Unarmed Combat
  2401 | D:4      | Noticed a black bear
  2490 | D:3      | Reached XP level 6. HP: 45/52 MP: 5/5
  2632 | D:4      | Reached skill level 5 in Unarmed Combat
  2827 | D:4      | Found Delyfyor's Jewellery Emporium.
  2885 | D:4      | Identified 2 scrolls of acquirement
  2885 | D:4      | Acquired 958 gold pieces
  2908 | D:4      | Bought the amulet of Hofaop {Reflect +Blink rElec Int+4
                  | Dex+3 SH+5} for 919 gold pieces
  2918 | D:4      | Acquired a manual of Unarmed Combat
  2967 | D:4      | Noticed pigah's ghost (amateur OpWn)
  2974 | D:4      | Found a runed translucent door.
  3026 | D:4      | Reached skill level 4 in Armour
  3075 | D:4      | Killed a black bear
  3076 | D:4      | Reached skill level 6 in Unarmed Combat
  3226 | D:4      | Reached skill level 7 in Unarmed Combat
  3226 | D:4      | Reached XP level 7. HP: 50/59 MP: 6/6
  3396 | D:5      | Entered Level 5 of the Dungeon
  3458 | D:5      | Reached skill level 8 in Unarmed Combat
  3560 | D:5      | Reached skill level 9 in Unarmed Combat
  3684 | D:5      | Reached skill level 10 in Unarmed Combat
  3786 | D:5      | Reached skill level 11 in Unarmed Combat
  3786 | D:5      | Reached XP level 8. HP: 42/66 MP: 7/7
  3862 | D:5      | Found a shadowy altar of Dithmenos.
  3902 | D:5      | You pick up a book of the Senses and begin reading...
  3902 | D:5      | You add the spells Dazzling Flash, Agony and Silence to
                  | your library.
  4421 | D:6      | Reached skill level 12 in Unarmed Combat
  4578 | D:6      | Reached skill level 13 in Unarmed Combat
  4595 | D:6      | You pick up a book of Burglary and begin reading...
  5087 | D:7      | Reached skill level 14 in Unarmed Combat
  5168 | D:6      | Reached XP level 9. HP: 69/71 MP: 8/8
  5299 | D:7      | Reached skill level 15 in Unarmed Combat
  5348 | D:7      | Found a flagged portal.
  5356 | Bailey   | Entered a bailey
  5401 | Bailey   | Reached skill level 16 in Unarmed Combat
  5609 | Bailey   | Noticed a vault guard
  5628 | Bailey   | Killed a vault guard
  5629 | Bailey   | Reached skill level 17 in Unarmed Combat
  5629 | Bailey   | Reached skill level 2 in Throwing
  5629 | Bailey   | Reached skill level 3 in Stealth
  5629 | Bailey   | Reached skill level 3 in Shields
  5629 | Bailey   | Reached XP level 10. HP: 51/80 MP: 9/9
  5717 | Bailey   | Noticed a vault guard
  5743 | Bailey   | Killed a vault guard
  5744 | Bailey   | Reached skill level 5 in Fighting
  5800 | D:7      | Found a staircase to the Ecumenical Temple.
  5846 | Temple   | Entered the Ecumenical Temple
  6014 | Temple   | Became a worshipper of Warmaster Okawaru
  6105 | D:7      | Reached skill level 4 in Stealth
  6208 | D:7      | Found a sacrificial altar of Ru.
  6307 | D:7      | Found Demovail's Magic Scroll Shop.
  6323 | D:7      | Bought a scroll of blinking for 82 gold pieces
  6323 | D:7      | Bought a scroll of identify for 22 gold pieces
  6323 | D:7      | Bought a scroll of identify for 22 gold pieces
  6396 | D:7      | Reached skill level 3 in Throwing
  6412 | D:7      | Reached skill level 4 in Shields
  6414 | D:7      | Reached skill level 5 in Armour
  6445 | D:7      | Found a runed translucent door.
  6446 | D:7      | Noticed Crazy Yiuf
  6509 | D:7      | Noticed Pikel
  6522 | D:7      | Killed Pikel
  6522 | D:7      | Reached * piety under Okawaru
  6540 | D:7      | Noticed Prince Ribbit
  6550 | D:7      | Killed Prince Ribbit
  6647 | D:8      | Noticed Erica
  6665 | D:8      | Killed Erica
  6666 | D:8      | Reached skill level 5 in Stealth
  6666 | D:8      | Reached skill level 1 in Invocations
  6752 | D:8      | Reached ** piety under Okawaru
  6753 | D:8      | Reached skill level 6 in Fighting
  6753 | D:8      | Reached skill level 1 in Evocations
  6820 | D:8      | Noticed a deep elf pyromancer
  6824 | D:8      | Killed a deep elf pyromancer
  6825 | D:8      | Reached skill level 2 in Invocations
  6825 | D:8      | Reached XP level 11. HP: 81/89 MP: 11/11
  6892 | D:8      | Reached skill level 4 in Throwing
  6914 | D:8      | Noticed Darkkill's ghost (novice MiHu)
  6968 | D:8      | Found a runed translucent gate.
  6968 | D:8      | Found a runed translucent gate.
  6968 | D:8      | Found a runed translucent gate.
  7141 | D:8      | Noticed Amaemon
  7147 | D:8      | Reached skill level 5 in Shields
  7147 | D:8      | Reached skill level 2 in Evocations
  7167 | D:8      | Killed Amaemon
  7167 | D:8      | Reached *** piety under Okawaru
  7168 | D:8      | Reached skill level 6 in Armour
  7321 | D:8      | Found a shimmering altar of Xom.
  7340 | D:8      | Identified the ring of the Lily {rN+ Str+6 Dex+4 Stlth-}
  7353 | D:8      | Found a burning altar of Makhleb.
  7846 | D:9      | Reached skill level 7 in Fighting
  7847 | D:9      | Reached skill level 3 in Evocations
  8022 | D:9      | Reached skill level 5 in Throwing
  8253 | D:9      | Reached **** piety under Okawaru
  8261 | D:9      | Reached skill level 8 in Fighting
  8288 | D:9      | Reached skill level 9 in Fighting
  8459 | D:10     | Entered Level 10 of the Dungeon
  8589 | D:10     | Reached skill level 10 in Fighting
  8606 | D:10     | Reached ***** piety under Okawaru
  8740 | D:10     | Reached XP level 12. HP: 106/106 MP: 13/13
  8807 | D:10     | Reached skill level 3 in Invocations
  8888 | D:10     | Found a staircase to the Orcish Mines.
  9397 | D:11     | You fall into a shaft and drop 2 floors!
  9522 | D:13     | Noticed a tengu warrior
  9539 | D:13     | Killed a tengu warrior
  9540 | D:13     | Reached skill level 4 in Invocations
  9588 | D:13     | Identified the +1 ring mail of Liberalism {rC+}
  9664 | D:12     | Noticed a two-headed ogre
  9675 | D:12     | Killed a two-headed ogre
  9675 | D:12     | Received a gift from Okawaru
  9676 | D:12     | Reached skill level 6 in Throwing
  9732 | D:12     | Noticed a two-headed ogre
  9738 | D:12     | Identified a +2 robe of the Archmagi
  9739 | D:12     | Killed a two-headed ogre
  9740 | D:12     | Reached skill level 7 in Armour
  9889 | D:12     | Noticed a boulder beetle
  9967 | D:12     | Noticed a boulder beetle
  9983 | D:12     | Killed a boulder beetle
  9986 | D:12     | Received a gift from Okawaru
 10032 | D:12     | Reached skill level 11 in Fighting
 10032 | D:12     | Reached skill level 5 in Invocations
 10309 | D:10     | HP: 25/110 [vampire mosquito (4)]
 10545 | D:11     | Found a staircase to the Lair.
 10652 | D:11     | You pick up a book of Burglary and begin reading...
 10666 | D:11     | Identified the +2 morningstar "Pemmy" {chaos, Fly rElec
                  | rC++ Int-4}
 10898 | D:11     | Reached skill level 7 in Throwing
 10908 | D:11     | Reached skill level 6 in Invocations
 10908 | D:11     | Reached XP level 13. HP: 114/116 MP: 16/16
 10969 | D:11     | Reached skill level 6 in Shields
 11099 | D:11     | Found a portal to a secret trove of treasure.
 11277 | D:12     | Reached skill level 8 in Armour
 11463 | Lair:1   | Entered Level 1 of the Lair of Beasts
 11755 | Lair:1   | Reached ****** piety under Okawaru
 11755 | Lair:1   | Identified the -2 pair of gloves of the Pits of Slime
                  | {rPois MP+9} (Okawaru gifted it to you on level 1 of the
                  | Lair of Beasts)
 11755 | Lair:1   | Received a gift from Okawaru
 11819 | Lair:1   | Reached skill level 7 in Invocations
 11827 | Lair:1   | Reached skill level 12 in Fighting
 12173 | Lair:1   | Reached skill level 7 in Shields
 12788 | Lair:2   | Reached skill level 8 in Invocations
 12794 | Lair:2   | Reached skill level 9 in Armour
 13355 | Lair:2   | Reached XP level 14. HP: 126/127 MP: 19/19
 13360 | Lair:3   | Identified the +5 war axe of Sunlight {pain, MP+9 Str+3}
                  | (Okawaru gifted it to you on level 3 of the Lair of Beasts)
 13360 | Lair:3   | Received a gift from Okawaru
 13401 | Lair:3   | Reached skill level 13 in Fighting
 13401 | Lair:3   | Reached skill level 8 in Shields
 13567 | Lair:3   | Noticed Nessos
 13573 | Lair:3   | Killed Nessos
 13827 | Lair:3   | Acquired 979 gold pieces
 14032 | Lair:3   | Reached skill level 10 in Armour
 14032 | Lair:3   | Found a hole to the Spider Nest.
 14493 | Lair:3   | Found a staircase to the Swamp.
 14729 | Lair:4   | Reached skill level 9 in Shields
 14759 | Lair:4   | Received a gift from Okawaru
 14831 | Lair:4   | Found a burning altar of Makhleb.
 14970 | Lair:4   | Reached skill level 14 in Fighting
 15933 | Lair:5   | Entered Level 5 of the Lair of Beasts
 15991 | Lair:5   | You pick up a book of Winter and begin reading...
 15991 | Lair:5   | You add the spells Ozocubu's Armour and Metabolic
                  | Englaciation to your library.
 16011 | Lair:5   | Reached skill level 10 in Shields
 16070 | Lair:5   | Noticed a dire elephant
 16175 | Lair:5   | HP: 29/132 [blink frog (11)]
 16208 | Lair:4   | Killed a dire elephant
 16216 | Lair:4   | HP: 31/132 [cane toad (8)]
 16675 | Lair:4   | Reached XP level 15. HP: 84/138 MP: 20/20
 16897 | Lair:5   | Received a gift from Okawaru
 17153 | Lair:5   | Identified the +5 trident "Elysk" {vorpal, rPois rN+ Str-2}
 17284 | Lair:5   | Found a viscous altar of Jiyva.
 17284 | Lair:5   | Found a staircase to the Slime Pits.
 17814 | Lair:5   | Identified the +3 ring mail of Compression {rCorr}
 18516 | D:12     | Reached skill level 9 in Invocations
 18959 | D:13     | Found a gate to the Vaults.
 19054 | D:13     | Received a gift from Okawaru
 19055 | D:13     | Reached skill level 8 in Throwing
 19091 | D:13     | Received a gift from Okawaru
 19321 | D:13     | Found Xiufoxuj's General Store.
 19329 | D:13     | Bought a scroll of blinking for 127 gold pieces
 19432 | D:13     | Received a gift from Okawaru
 19922 | D:13     | You pick up a book of Dreams and begin reading...
 20383 | D:14     | Identified the +3 scale mail "Cufytuc" {rN++} (Okawaru
                  | gifted it to you on level 14 of the Dungeon)
 20383 | D:14     | Received a gift from Okawaru
 20624 | D:14     | Reached skill level 11 in Shields
 20642 | D:14     | Reached skill level 11 in Armour
 20966 | D:15     | Entered Level 15 of the Dungeon
 21037 | D:14     | Reached skill level 15 in Fighting
 21552 | D:15     | Found a staircase to the Depths.
 21650 | D:15     | Reached skill level 10 in Invocations
 21909 | D:15     | Acquired a +1 hand crossbow of draining
 22719 | Orc:1    | Entered Level 1 of the Orcish Mines
 22850 | Orc:1    | Noticed an orc warlord
 22878 | Orc:1    | Killed an orc warlord
 23062 | Orc:1    | Reached XP level 16. HP: 103/149 MP: 22/22
 23306 | Orc:2    | Entered Level 2 of the Orcish Mines
 23306 | Orc:2    | Found Decauju's Armour Boutique.
 23306 | Orc:2    | Found a staircase to the Elven Halls.
 23321 | Orc:2    | Bought a +2 pair of boots of rampaging for 322 gold pieces
 23355 | Orc:2    | Found a gate leading to a gauntlet.
 23508 | Orc:1    | Reached skill level 9 in Throwing
 23748 | Orc:2    | Found Zub Laetz's Distillery.
 23763 | Orc:2    | Found Hophueph's General Store.
 23769 | Orc:2    | Found Dilosot Osai's Distillery.
 23785 | Gauntlet | Entered a Gauntlet
 23785 | Gauntlet | Found a transporter.
 23785 | Gauntlet | Found a transporter.
 23785 | Gauntlet | Found a transporter.
 23806 | Gauntlet | Found a transporter.
 23818 | Gauntlet | Found a transporter.
 23819 | Gauntlet | Found a transporter.
 23829 | Gauntlet | Found a transporter.
 23848 | Gauntlet | Found a transporter.
 23862 | Gauntlet | Found a transporter.
 23865 | Gauntlet | Found a transporter.
 23874 | Gauntlet | Found a transporter.
 23876 | Gauntlet | Found a transporter.
 23877 | Gauntlet | Found a runed translucent door.
 24043 | Gauntlet | Identified the +2 hat "Luonkiet" {rPois Will++ Int-4 Dex+3}
 24282 | Gauntlet | Identified the +11 executioner's axe of a volcano {flame,
                  | Int+4}
 24291 | Gauntlet | Identified the +0 ring mail of the Pink Corner {*Corrode
                  | +Inv rN+ Will+++} (Okawaru gifted it to you in a Gauntlet)
 24291 | Gauntlet | Received a gift from Okawaru
 24297 | Gauntlet | the +11 executioner's axe of a volcano {flame, Int+4,
                  | axerare=g}; a +0 plate armour; a minotaur corpse
 24318 | Gauntlet | the +11 executioner's axe of a volcano {flame, Int+4,
                  | axerare=g}; a +0 plate armour; a minotaur corpse
 24326 | Gauntlet | the +11 executioner's axe of a volcano {flame, Int+4,
                  | axerare=g}; a +0 plate armour; a minotaur corpse
 24449 | Gauntlet | v - the +11 executioner's axe of a volcano {flame, Int+4,
                  | axerare=g}
 24473 | Orc:1    | You drop the +11 executioner's axe of a volcano {flame,
                  | Int+4, axerare=g}.
 24497 | Orc:2    | Found Ynaf's Weapon Shop.
 24498 | Orc:2    | Found Maud's Weapon Shoppe.
 24945 | Orc:2    | Paralysed by an ogre mage for 5 turns
 24951 | Orc:2    | Paralysed by an ogre mage for 4 turns
 25005 | Orc:2    | Found Poubb's Weapon Shop.
 25040 | Orc:2    | Bought a potion of heal wounds for 70 gold pieces
 25040 | Orc:2    | Bought a potion of cancellation for 112 gold pieces
 25042 | Orc:2    | Found Erealicva's Book Emporium.
 25537 | Orc:1    | Noticed Lahuafud's ghost (journeyman OpVM)
 25537 | Orc:1    | Found a large runed translucent door.
 25537 | Orc:1    | Found a large runed translucent door.
 25561 | Orc:1    | Killed Lahuafud's ghost
 25692 | Elf:1    | Entered Level 1 of the Elven Halls
 26374 | Spider:1 | Entered Level 1 of the Spider Nest
 26461 | Spider:1 | Reached skill level 11 in Invocations
 26495 | Spider:1 | HP: 37/150 [meliai/+0 war axe (7)]
 26743 | Spider:1 | Received a gift from Okawaru
 26864 | Spider:1 | You pick up a book of Geomancy and begin reading...
 26864 | Spider:1 | You add the spells Sandblast and Stone Arrow to your
                  | library.
 27291 | Spider:1 | You pick up a book of Touch and begin reading...
 27291 | Spider:1 | You add the spells Kiss of Death, Confusing Touch and
                  | Dispel Undead to your library.
 27385 | Spider:1 | Reached skill level 12 in Shields
 27622 | Spider:1 | HP: 25/151 [wolf spider (13)]
 27625 | Arena    | Entered the Arena
 27628 | Arena    | HP: 28/151 [moth of wrath (2)]
 27631 | Arena    | Reached skill level 12 in Armour
 27975 | Spider:1 | Reached skill level 16 in Fighting
 28005 | Spider:1 | Identified the +6 dagger "Vehegite" {vorpal, Str+8 Int-2
                  | Stlth-} (Okawaru gifted it to you on level 1 of the Spider
                  | Nest)
 28005 | Spider:1 | Received a gift from Okawaru
 28181 | Spider:1 | HP: 36/151 [redback (6)]
 28186 | Spider:1 | HP: 16/151 [culicivora[a broodmother] (17)]
 28191 | Spider:1 | Reached skill level 10 in Throwing
 28192 | Spider:1 | HP: 16/151 [radroach (8)]
 28197 | Spider:1 | Demolished by a radroach

Vanquished Creatures
  An orc warlord (Orc:1)
  A broodmother (Spider:1)
  Nessos (Lair:3)
  A minotaur (Gauntlet)
  A dire elephant (Lair:4)
  A spark wasp (Spider:1)
  A fire dragon (D:12)
  The ghost of Lahuafud the Thaumaturge, a journeyman OpVM of Hepliaklqana (Orc:1)
  3 entropy weavers (Spider:1)
  6 vault guards
  2 ice dragons (D:15)
  A rakshasa (D:14)
  5 hydras
  A merfolk avatar (Lair:5)
  Erica (D:8)
  4 centaur warriors
  A radroach (Lair:3)
  A dancing weapon (Elf:1)
  2 ogre magi (Orc:2)
  A death scarab (Gauntlet)
  11 two-headed ogres
  5 death yaks (Lair:1)
  10 boulder beetles
  A tengu warrior (D:13)
  An orc high priest (Orc:1)
  A spectral death yak (Gauntlet)
  5 skeletal warriors
  A pharaoh ant (Spider:1)
  Amaemon (D:8)
  2 sea snakes
  2 deep trolls
  7 ugly things
  4 wolf spiders
  Pikel (D:7)
  6 deep elf pyromancers
  A deep elf zephyrmancer (Elf:1)
  4 oklob plants (Lair:5)
  A worldbinder (Gauntlet)
  7 cyclopes
  4 manticores
  7 elephants
  3 moths of wrath
  4 black mambas
  3 gargoyles
  20 cane toads
  An orange demon (D:8)
  An unseen horror (D:10)
  2 kobold demonologists
  7 rime drakes
  3 tengu conjurers
  An efreet (D:13)
  4 demonic crawlers (Spider:1)
  9 komodo dragons
  3 meliai (Spider:1)
  7 polar bears
  14 trolls
  17 blink frogs
  2 hornets
  A snapping turtle (Lair:5)
  Prince Ribbit (D:7)
  10 slime creatures
  9 tarantellas
  A centaur simulacrum (Gauntlet)
  A spriggan (Lair:2)
  6 culicivoras
  7 jumping spiders
  A vampire (D:9)
  56 yaks
  4 shadows
  4 wraiths
  A wyvern (Lair:4)
  2 basilisks
  4 humans
  21 redbacks
  2 steam dragons
  9 wargs
  2 swamp worms (Lair:3)
  9 vampire mosquitoes
  4 acid dragons
  15 water moccasins
  A hydra simulacrum (Gauntlet)
  16 orc warriors
  2 sky beasts
  2 black bears
  23 wolves
  3 boggarts (Gauntlet)
  26 ogres
  12 centaurs
  A lemure (D:7)
  A phantom (D:5)
  22 kobold brigands (D:10)
  20 bullfrogs
  2 gnoll sergeants
  A necrophage (D:6)
  A scorpion (D:3)
  10 wights
  A hornet simulacrum (Gauntlet)
  12 killer bees
  6 howler monkeys
  3 hounds
  3 jellies
  A gnoll bouda (D:6)
  21 orc priests
  11 hell rats
  8 iguanas
  20 orc wizards
  A boggart simulacrum (D:14)
  11 gnolls
  An adder (D:3)
  A shadow imp (D:5)
  A white imp (D:5)
  2 ufetubi (D:4)
  4 worms
  A dart slug (D:3)
  87 orcs
  9 ball pythons
  6 bats
  5 endoplasms
  2 giant cockroaches
  2 hobgoblins
  11 jackals
  5 quokkas
  5 frilled lizards
  8 goblins
  13 kobolds
  7 rats
  A butterfly (D:8)
801 creatures vanquished.

Vanquished Creatures (others)
  29 fungi
  34 plants
63 creatures vanquished.

Grand Total: 864 creatures vanquished

Table legend:
 A = Non-vault XP
 B = Vault XP
 C = Vault XP percentage of total XP
 D = Non-vault monster count
 E = Vault monster count
 F = Vault count percentage of total count
                 A         B        C        D         E       F
            +---------+---------+-------+---------+---------+-------
      Total |  105499 |   70328 |  40.0 |     568 |     231 |  28.9
            +---------+---------+-------+---------+---------+-------
        D:1 |      29 |       0 |   0.0 |      19 |       0 |   0.0
        D:2 |      85 |       0 |   0.0 |      22 |       0 |   0.0
        D:3 |     194 |       0 |   0.0 |      16 |       0 |   0.0
        D:4 |     332 |       9 |   2.6 |      22 |       2 |   8.3
        D:5 |     804 |       0 |   0.0 |      24 |       0 |   0.0
        D:6 |     817 |       0 |   0.0 |      19 |       0 |   0.0
        D:7 |     976 |    1001 |  50.6 |      15 |       9 |  37.5
        D:8 |    1997 |    2011 |  50.2 |      23 |       3 |  11.5
        D:9 |    4399 |       0 |   0.0 |      37 |       0 |   0.0
       D:10 |    2054 |    3389 |  62.3 |      22 |      44 |  66.7
       D:11 |    5978 |     622 |   9.4 |      24 |       8 |  25.0
       D:12 |    3441 |    5223 |  60.3 |      15 |       8 |  34.8
       D:13 |    7223 |    7369 |  50.5 |      22 |      12 |  35.3
       D:14 |    9052 |       0 |   0.0 |      15 |       0 |   0.0
       D:15 |    5982 |    1730 |  22.4 |      15 |       2 |  11.8
     Lair:1 |    4735 |    4755 |  50.1 |      25 |      11 |  30.6
     Lair:2 |    7589 |    1894 |  20.0 |      29 |       3 |   9.4
     Lair:3 |    8119 |    7238 |  47.1 |      30 |      23 |  43.4
     Lair:4 |   11085 |    4284 |  27.9 |      38 |      13 |  25.5
     Lair:5 |    2941 |    6009 |  67.1 |      15 |      13 |  46.4
   Spider:1 |   18457 |       0 |   0.0 |      52 |       0 |   0.0
   Spider:2 |     500 |       0 |   0.0 |       2 |       0 |   0.0
      Orc:1 |    4718 |    7695 |  62.0 |      41 |      21 |  33.9
      Orc:2 |    1419 |    8609 |  85.8 |      22 |      23 |  51.1
      Elf:1 |    2047 |    1220 |  37.3 |       3 |       2 |  40.0
     Bailey |       0 |    3360 | 100.0 |       0 |      24 | 100.0
   Gauntlet |       0 |    3910 | 100.0 |       0 |      10 | 100.0
      Arena |     526 |       0 |   0.0 |       1 |       0 |   0.0
            +---------+---------+-------+---------+---------+-------

Illustrated notes

Table legend:
 A = Kills in this place as a percentage of kills in entire the game.
 B = Kills by you in this place as a percentage of kills by you in the entire game.
 C = Kills by friends in this place as a percentage of kills by friends in the entire game.
 D = Other kills in this place as a percentage of other kills in the entire game.
 E = Experience gained in this place as a percentage of experience gained in the entire game.
 F = Experience gained in this place divided by the number of levels of this place that you have seen.
                   A       B       C       D       E      F
               +-------+-------+-------+-------+-------+----------------------
         Total | 100.0 | 100.0 |   N/A |   N/A | 100.0 | 6063.0
       Dungeon |  49.8 |  49.8 |   N/A |   N/A |  36.8 | 4314.5
          Lair |  25.0 |  25.0 |   N/A |   N/A |  33.4 | 11729.8
   Spider Nest |   6.8 |   6.8 |   N/A |   N/A |  10.8 | 9478.5
  Orcish Mines |  13.4 |  13.4 |   N/A |   N/A |  12.8 | 11220.5
   Elven Halls |   0.6 |   0.6 |   N/A |   N/A |   1.9 | 3267.0
        Bailey |   3.0 |   3.0 |   N/A |   N/A |   1.9 | 3360.0
      Gauntlet |   1.3 |   1.3 |   N/A |   N/A |   2.2 | 3910.0
         Arena |   0.1 |   0.1 |   N/A |   N/A |   0.3 | 526.0
               +-------+-------+-------+-------+-------+----------------------

Table legend: (Time is in decaauts)
 A = Elapsed time spent in this place.
 B = Non-inter-level travel time spent in this place.
 C = Inter-level travel time spent in this place.
 D = Time resting spent in this place.
 E = Time spent auto-exploring this place.
 F = Levels seen in this place.
 G = Mean time per level.
                   A        B        C        D        E       F      G
               +--------+--------+--------+--------+--------+-----+--------+
         Total |  27885 |  26086 |   1799 |   4207 |  15206 |  29 |  961.6 |
       Dungeon |  14974 |  13853 |   1121 |   1346 |   8959 |  15 |  998.3 |
        Temple |    186 |    168 |     18 |      0 |    142 |   1 |  186.0 |
          Lair |   7100 |   6611 |    489 |   1091 |   4195 |   5 | 1420.0 |
   Spider Nest |   1585 |   1554 |     31 |    508 |    710 |   2 |  792.5 |
  Orcish Mines |   2681 |   2542 |    139 |    744 |   1068 |   2 | 1340.5 |
   Elven Halls |    248 |    248 |      0 |    138 |      0 |   1 |  248.0 |
        Bailey |    425 |    425 |      0 |     99 |      0 |   1 |  425.0 |
      Gauntlet |    661 |    661 |      0 |    280 |    131 |   1 |  661.0 |
         Arena |     21 |     21 |      0 |      0 |      0 |   1 |   21.0 |
               +--------+--------+--------+--------+--------+-----+--------+

Top non-repeatable levels by time:
  Lair:4: 1924 daAuts
  Lair:3: 1609 daAuts
Spider:1: 1555 daAuts
  Lair:5: 1549 daAuts
    D:13: 1448 daAuts
   Orc:2: 1445 daAuts
    D:12: 1399 daAuts
    D:10: 1275 daAuts
   Orc:1: 1235 daAuts
     D:8: 1157 daAuts
  Lair:2: 1094 daAuts
    D:14: 1041 daAuts
    D:15: 1028 daAuts
     D:5: 989 daAuts
     D:4: 931 daAuts
